 Dungeon Crawl Stone Soup version 0.27-a0-1291-geefcff550b (webtiles) character file.

Game seed: 1719825631941084837

2 flotson the Sneak (level 1, -1/18 HPs)
             Began as a Demonspawn Delver on June 16, 2021.
             Slain by a white imp (3 damage)
             ... on level 4 of the Dungeon.
             The game lasted 00:00:51 (59 turns).

flotson the Sneak (Demonspawn Delver)                 Turns: 59, Time: 00:00:52

Health: -1/18      AC:  3    Str: 12    XL:     1   Next: 33%
Magic:  1/1        EV: 11    Int: 11    God:
Gold:   0          SH:  0    Dex: 14    Spells: 0/0 levels left

rFire    . . .     SeeInvis .   a - +0 hand axe
rCold    . . .     Faith    .   (no shield)
rNeg     . . .     Spirit   .   b - +0 leather armour
rPois    .         Reflect  .   (no helmet)
rElec    .         Harm     .   (no cloak)
rCorr    .         Rampage  .   (no gloves)
Will     .....                  (no boots)
Stlth    ++........             (no amulet)
HPRegen  0.06/turn              (no ring)
MPRegen  0.07/turn              (no ring)

@: hasted, very quick
A: no striking features
a: no special abilities


You were on level 4 of the Dungeon.
You visited 1 branch of the dungeon, and saw 2 of its levels.

Inventory:

Hand Weapons
 a - a +0 hand axe (weapon)
Missiles
 h - 12 poisoned darts (quivered)
 i - a throwing net
Armour
 b - a +0 leather armour (worn)
Wands
 g - a wand of digging (3)
Scrolls
 c - a scroll of fog
 d - a scroll of magic mapping


   Skills:
 + Level 3.0 Fighting
 + Level 1.8 Axes
 + Level 0.1 Throwing
 + Level 0.1 Armour
 + Level 1.8 Dodging
 - Level 4.5 Stealth


You couldn't memorise any spells.
You didn't know any spells.
Your spell library was empty.

Dungeon Overview and Level Annotations

Branches:
Dungeon (5/15)
 Temple: D:4-7

Altars:


Message History

You miss the jackal.
The jackal is severely wounded.
You hit the howler monkey. The jackal closely misses you.
The howler monkey barely misses you.
An adder comes into view.
You hit the jackal but do no damage.
The jackal is severely wounded.
You hit the adder skeleton. You hit the howler monkey.
The howler monkey hoots and howls with incredible vigour!
The white imp shouts, "Run away, thou infectious bat-fowling harpy!"
The adder skeleton closely misses you. The jackal closely misses you.
You hear a shout! x4; You hear an angry hiss. x2; You hear a shout!
You hit the jackal.
The jackal is lightly wounded.
You barely miss the howler monkey. You hit the adder skeleton.
You completely miss the jackal.
The howler monkey hits you but does no damage.
The jackal closely misses you. The jackal barely misses you.
Unknown command.
You slash the jackal!
You kill the jackal!
You hit the jackal but do no damage. You hit the white imp but do no damage.
You hit the howler monkey but do no damage.
The howler monkey misses you.
The jackal bites you but does no damage.
The howler monkey hits you.
* * * LOW HITPOINT WARNING * * *
You barely miss the jackal. You hit the jackal.
You kill the jackal!
You barely miss the white imp. You barely miss the howler monkey.
The jackal barely misses you. The white imp closely misses you.
An orc comes into view. It is wielding a +0 dagger.
Unknown command.
Okay, then.
You hit the jackal.
The jackal is moderately wounded.
You barely miss the howler monkey. You hit the white imp but do no damage.
The howler monkey hoots and howls with incredible vigour!
The white imp hits you.
You die...

#..... ##.....
....... #...<.
..... ..h
######h####
o......@..##
######5h#..###
##S##...#
#Z####.#
##......#
#>..#####
.........##
h...5.##.#
.....# #.#


You could see a howler monkey (catching breath), an adder, a white imp, an orc,
2 jackals and an adder skeleton.

Vanquished Creatures
  2 jackals (D:4)
2 creatures vanquished.

Notes
Turn   | Place    | Note
-------+----------+-------------------------------------------
     0 | D:5      | flotson the Demonspawn Delver began the quest for the Orb.
     0 | D:5      | Reached XP level 1. HP: 18/18 MP: 1/1
     6 | D:5      | Noticed a jelly
    27 | D:5      | Noticed a scorpion
    38 | D:4      | Noticed a howler monkey
    59 | D:4      | Slain by a white imp

Illustrated notes

Levels and vault maps discovered:
D:4:      cheibrodos_quashed, layout_rooms, enter_ossuary_3
D:5:      black_bear_nest_2, layout_rooms, minmay_temple_entry_offerings,
          uniq_duvessa, uniq_edmund

Action                   || total
-------------------------++-------
Melee: Hand axe          ||     9
  Use: Scroll            ||     1
       Potion            ||     1
 Stab: Distracted        ||     1
Armor: Leather armour    ||     3
Dodge: Dodged            ||    10

Table legend: (Time is in decaauts)
 A = Elapsed time spent in this place.
 B = Non-inter-level travel time spent in this place.
 C = Inter-level travel time spent in this place.
 D = Time resting spent in this place.
 E = Time spent auto-exploring this place.
 F = Levels seen in this place.
 G = Mean time per level.
                   A        B        C        D        E       F      G
               +--------+--------+--------+--------+--------+-----+--------+
         Total |     50 |     50 |      0 |      0 |      3 |   2 |   25.0 |
       Dungeon |     50 |     50 |      0 |      0 |      3 |   2 |   25.0 |
               +--------+--------+--------+--------+--------+-----+--------+

Top non-repeatable levels by time:
     D:5: 35 daAuts
     D:4: 15 daAuts
